 Dungeon Crawl Stone Soup version 0.20-a0-266-gdedccd6 (webtiles) character file.

120674 Duffy the Fencer (level 17, -9/132 HPs)
             Began as a Formicid Venom Mage on Dec 5, 2016.
             Was the Champion of Cheibriados.
             Killed from afar by a tengu reaver (39 damage)
             ... with a bolt of poison
             ... on level 15 of the Dungeon.
             The game lasted 00:53:52 (31179 turns).

Duffy the Fencer (Formicid Venom Mage)             Turns: 31179, Time: 00:53:53

Health: -9/132     AC: 18    Str: 30      XL:     17   Next: 37%
Magic:  23/26      EV: 18    Int: 31      God:    Cheibriados [******]
Gold:   1116       SH: 18    Dex: 29 (30) Spells: 8/23 levels left

rFire  + + .     SeeInvis +     a - +6 great sword (flame)
rCold  + + .     Gourm    .     H - +0 plate armour
rNeg   . . .     Faith    .     B - +0 shield {rC+ rF+}
rPois  .         Spirit   .     (helmet unavailable)
rElec  .         Reflect  .     k - +0 cloak
rCorr  .         Harm     .     F - +0 pair of gloves
MR     ++...                    n - +2 pair of boots
Stlth  ..........               (no amulet)
                                x - ring of protection from fire
                                r - ring of protection from cold

@: lethally poisoned (-9 -> -32), very slow
A: permanent stasis, dig shafts and tunnels, four strong arms, antennae 3, large
bone plates 1, deformed body, deterioration 2, magic resistance 1, mutation
resistance 1, sense surroundings 1, screaming 1, no device heal 1
a: Dig, Shaft Self, Bend Time, Temporal Distortion, Slouch, Step From Time,
Renounce Religion


You were on level 15 of the Dungeon.
You worshipped Cheibriados.
Cheibriados was exalted by your worship.
You were not hungry.

You visited 3 branches of the dungeon, and saw 23 of its levels.
You also visited: Bailey.

You collected 2417 gold pieces.
You spent 1301 gold pieces at shops.

Inventory:

Hand Weapons
 a - a +6 great sword of flaming (weapon)
Missiles
 q - 32 tomahawks of returning
 J - a throwing net (quivered) {!f}
Armour
 k - a +0 cloak (worn)
 n - a +2 pair of boots (worn)
 B - a +0 shield of resistance (worn)
 F - a +0 pair of gloves (worn)
 H - a +0 plate armour (worn)
Jewellery
 r - a ring of protection from cold (left hand)
 w - an uncursed ring of ice
 x - a ring of protection from fire (right hand)
 E - an uncursed ring of flight
Wands
 b - a wand of confusion (26/48)
 e - a wand of paralysis (15/24)
 j - a wand of iceblast (4/15)
 o - a wand of digging (15/24)
 p - a wand of acid (5/15)
 C - a wand of lightning (9/15)
 D - a wand of teleportation (1/9)
 G - a wand of paralysis (10/24)
 N - a wand of disintegration (10/24)
 O - a wand of heal wounds (6/9)
 R - a wand of acid (5/15)
Scrolls
 d - a scroll of fog
 g - 3 scrolls of enchant armour
 h - 5 scrolls of recharging
 i - a scroll of vulnerability
 v - a scroll of silence
 y - 11 scrolls of remove curse
 A - 3 scrolls of magic mapping
 K - a scroll of enchant weapon
 L - a scroll of fear
 Q - 3 scrolls of identify
Potions
 l - 8 potions of curing
 m - a potion of agility
 s - 2 potions of might
 u - a potion of resistance
 z - 7 potions of flight
 S - a potion of invisibility
Comestibles
 c - 9 bread rations
 f - 11 meat rations
 t - 10 slices of pizza
 I - 14 fruits


   Skills:
 + Level 11.6 Fighting
 * Level 16.0 Long Blades
 + Level 13.6 Armour
 + Level 10.7 Dodging
 - Level 2.4 Stealth
 - Level 9.0 Shields
 - Level 3.5 Spellcasting
 - Level 7.2 Poison Magic
 - Level 12.2 Invocations
 - Level 7.0 Evocations


You had 8 spell levels left.
You knew the following spells:

 Your Spells              Type           Power        Failure   Level  Hunger
a - Repel Missiles        Chrm/Air       #.....       69%         2    None
h - Spectral Weapon       Hex/Chrm       #.......     95%         3    ##.....
i - Olgreb's Toxic Radia  Pois           ######..     21%         4    ####...
l - Regeneration          Chrm/Necr      #.........   95%         3    ##.....
o - Mephitic Cloud        Conj/Pois/Air  ###.....     47%         3    ##.....


Dungeon Overview and Level Annotations

Branches:
Dungeon (15/15)            Temple (0/1) D:6            Lair (6/6) D:10
  Swamp (0/4) Lair:4       Spider (0/4) Lair:4        Slime (0/5) Lair:5
    Orc (2/2) D:10            Elf (0/3) Orc:2        Vaults (0/5) D:14
 Depths (0/5) D:15

Altars:
Cheibriados
Elyvilon
Fedhas
Hepliaklqana
Kikubaaqudgha
Qazlal
Vehumet
Beogh
Jiyva

Shops:
D:4 *   Orc:1 *   Orc:2 *}((%

Annotations:
D:6 exclusion: statue
Lair:4 exclusion: 2 oklob plants


Innate Abilities, Weirdness & Mutations

You cannot be hasted, slowed, berserked, paralysed or teleported.
You can dig through walls and to a lower floor.
Your four strong arms can wield two-handed weapons with a shield.
You have a pair of large antennae on your head. (SInv)
You are partially covered in large bone plates. (SH +4)
Armour fits poorly on your strangely shaped body.
Your body often deteriorates upon taking damage.
You are resistant to hostile enchantments. (MR+)
You are somewhat resistant to further mutation.
You passively map a small area around you.
You occasionally shout uncontrollably at your foes.
Potions and wands are less effective at restoring your health.


Message History

The tengu reaver is moderately wounded.
You feel sick. You block the tengu reaver's attack.
The tengu reaver pecks you but does no damage.
The tengu reaver claws you but does no damage.
The tengu reaver blocks your attack.
The tengu reaver is moderately wounded.
The tengu reaver casts a spell.
The tengu reaver conjures a globe of magical energy!
A battlesphere comes into view.
The tengu reaver blocks your attack.
The tengu reaver is moderately wounded.
You feel sick. You block the tengu reaver's attack. x2
The tengu reaver claws you.
You slice the tengu reaver!! You burn the tengu reaver.
The tengu reaver is severely wounded.
You feel sick. The tengu reaver casts a spell at you.
The bolt of poison hits you!
You are more poisoned.
You die...

... ,.... ...## ..~
*,..###.#.## ~~P
*#.##..##.##
~~~7###.#.#..##.##
~~7......###..##.##
~~7..##.##.##..##.####
~~~....##...##..##.!.##
77....##..#..##..##...##
.....##..###..##@.##...#
....##..##}##.Q##Q*##...
...##..##)..#..=##..##..
....##..##..##|##..##.#.
.....##..##..###..##....
##....##..##..#..##.#.##
#.<(..##..##%..##....#
##......##..##.##.#.###
.........##..###.#


You could see 2 tengu reavers and a battlesphere.

Vanquished Creatures
  Rupert (D:14)
  Kirke (D:13)
  An orc warlord (Orc:2)
  2 stone giants (Orc:2)
  Azrael (D:14)
  An ettin (Orc:2)
  A crystal guardian (D:15)
  A yaktaur captain (D:15)
  A rakshasa (D:15)
  13 hydras
  2 centaur warriors
  A death knight (D:15)
  2 tengu warriors
  A catoblepas (Lair:2)
  3 ogre magi (Orc:2)
  5 death yaks
  2 orc high priests (Orc:2)
  Urug (D:14)
  3 unseen horrors
  A glowing orange brain (D:15)
  2 deep trolls (Orc:2)
  A flayed ghost (D:14)
  9 orc knights
  Pikel (D:5)
  2 deep elf magi
  5 hill giants
  5 orc sorcerers
  15 ugly things
  4 cyclopes
  18 elephants
  5 black mambas
  2 torpor snails
  11 spiny frogs
  2 gargoyles (D:14)
  A manticore (Lair:4)
  5 rime drakes
  A centaur skeleton (D:13)
  A kobold demonologist (D:15)
  15 komodo dragons
  2 freezing wraiths (D:14)
  14 trolls
  A merfolk (shapeshifter) (D:15)
  8 polar bears
  A jumping spider (Lair:4)
  3 hornets (Lair:6)
  14 blink frogs (Lair:6)
  9 two-headed ogres
  12 hippogriffs
  5 slime creatures (D:15)
  2 tyrant leeches (Lair:4)
  4 dream sheep
  14 spriggans
  2 shadows
  5 redbacks (Lair:4)
  12 wyverns
  A wraith (D:14)
  4 hogs (D:13)
  17 humans
  A water elemental (D:15)
  56 yaks
  2 vampires
  2 fire elementals (D:14)
  9 basilisks
  2 hungry ghosts
  A swamp worm (Lair:4)
  2 soldier ants
  4 wargs
  3 acid dragons (D:13)
  An acid dragon (shapeshifter) (D:15)
  13 water moccasins
  Duvessa (D:5)
  26 orc warriors
  3 hell hounds (D:14)
  8 porcupines
  5 black bears
  4 sky beasts
  4 slaves (D:5)
  26 ogres
  2 eyes of draining
  4 phantoms
  6 ice beasts
  6 necrophages (Lair:3)
  5 boggarts (Lair:6)
  5 centaurs
  23 wolves
  14 crocodiles
  The ghost of removeelyvilon the Insei, an amateur OpTm (D:3)
  3 big kobolds
  14 bullfrogs
  A gnoll sergeant (D:9)
  Dowan (D:5)
  3 scorpions
  3 howler monkeys
  12 crimson imps
  A bullfrog zombie (D:9)
  5 centaur zombies
  8 jellies
  3 quasits
  5 bullfrog skeletons
  14 orc priests
  13 hounds
  2 gnoll shamans (D:6)
  5 iguanas
  20 orc wizards
  10 worker ants
  A killer bee zombie (D:8)
  2 hound zombies
  3 hound skeletons
  A howler monkey zombie (D:8)
  2 worker ant zombies
  24 gnolls
  16 adders
  2 shadow imps (D:6)
  An ooze (D:2)
  An adder skeleton (D:5)
  4 worms
  3 dart slugs
  9 leopard geckos
  82 orcs
  9 bats
  9 giant cockroaches
  14 goblins
  13 hobgoblins
  9 jackals
  35 kobolds
  8 quokkas
  A ball python (D:1)
  2 frilled lizards
  A leopard gecko zombie (D:7)
  A quokka skeleton (D:9)
  5 rats
899 creatures vanquished.

Vanquished Creatures (others)
  19 fungi
  16 plants
35 creatures vanquished.

Grand Total: 934 creatures vanquished

Notes
Turn   | Place    | Note
-------+----------+-------------------------------------------
     0 | D:1      | Duffy the Formicid Venom Mage began the quest for the Orb.
     0 | D:1      | Reached XP level 1. HP: 13/13 MP: 3/3
   216 | D:1      | Reached XP level 2. HP: 18/19 MP: 0/5
   750 | D:1      | Reached XP level 3. HP: 24/24 MP: 2/7
   775 | D:1      | Learned a level 3 spell: Mephitic Cloud
  1248 | D:1      | Reached skill level 6 in Poison Magic
  1704 | D:2      | Reached skill level 3 in Spellcasting
  1854 | D:2      | Reached XP level 4. HP: 25/30 MP: 0/8
  1871 | D:2      | Learned a level 4 spell: Olgreb's Toxic Radiance
  2410 | D:2      | Reached XP level 5. HP: 33/36 MP: 6/10
  2421 | D:1      | Reached skill level 1 in Fighting
  2594 | D:2      | Reached skill level 7 in Poison Magic
  3342 | D:3      | Noticed removeelyvilon's ghost (amateur OpTm)
  3861 | D:3      | Reached skill level 1 in Shields
  3882 | D:3      | Reached XP level 6. HP: 18/43 MP: 1/11
  4268 | D:3      | Reached skill level 2 in Shields
  4466 | D:4      | Reached skill level 3 in Shields
  4629 | D:4      | Reached skill level 4 in Shields
  4958 | D:4      | Found Koitwob's Assorted Antiques.
  4972 | D:4      | Found a blossoming altar of Fedhas.
  4999 | D:4      | Reached XP level 7. HP: 48/48 MP: 12/12
  5040 | D:4      | Reached skill level 2 in Dodging
  5385 | D:4      | Reached skill level 2 in Fighting
  5737 | D:5      | Entered Level 5 of the Dungeon
  5800 | D:5      | Found a snail-covered altar of Cheibriados.
  5918 | D:5      | Became a worshipper of Cheibriados the Contemplative
  6031 | D:5      | Reached skill level 3 in Fighting
  6031 | D:5      | Reached skill level 3 in Dodging
  6282 | D:5      | Got a shimmering whip
  6283 | D:5      | Identified the +5 whip of Mourning {chaos, rN+ MR+ Int+7 Stlth-} (You found it on level 5 of the Dungeon)
  6334 | D:5      | Noticed Pikel
  6352 | D:5      | Killed Pikel
  6352 | D:5      | Reached skill level 5 in Fighting
  6352 | D:5      | Reached skill level 4 in Dodging
  6352 | D:5      | Reached XP level 8. HP: 59/62 MP: 5/13
  6622 | D:5      | Noticed Dowan
  6624 | D:5      | Noticed Duvessa
  6643 | D:5      | Killed Duvessa
  6643 | D:5      | Reached skill level 5 in Dodging
  6647 | D:5      | Killed Dowan
  6647 | D:5      | Reached skill level 6 in Fighting
  6863 | D:5      | Reached * piety under Cheibriados
  7000 | D:6      | Found a staircase to the Ecumenical Temple.
  7115 | D:6      | Reached XP level 9. HP: 33/71 MP: 12/14
  7629 | D:6      | Reached skill level 7 in Fighting
  7629 | D:6      | Reached skill level 6 in Dodging
  7744 | D:6      | Reached ** piety under Cheibriados
  7839 | D:5      | Found a stormy altar of Qazlal.
  7897 | D:6      | Found a radiant altar of Vehumet.
  8260 | D:6      | Reached skill level 1 in Armour
  8638 | D:6      | Reached skill level 2 in Armour
  8766 | D:4      | Bought a glowing scimitar for 250 gold pieces
  8769 | D:4      | Bought a scroll labeled NENAMM XUNE for 25 gold pieces
  8917 | D:3      | Killed removeelyvilon's ghost
  9030 | D:7      | Reached skill level 8 in Fighting
  9072 | D:6      | Reached skill level 1 in Long Blades
  9171 | D:7      | Reached skill level 3 in Armour
  9171 | D:7      | Reached *** piety under Cheibriados
  9223 | D:7      | Reached skill level 2 in Long Blades
  9223 | D:7      | Reached skill level 7 in Dodging
  9225 | D:7      | Reached XP level 10. HP: 65/80 MP: 15/15
  9498 | D:7      | Learned a level 3 spell: Regeneration
  9502 | D:7      | Learned a level 3 spell: Summon Guardian Golem
  9508 | D:7      | Learned a level 3 spell: Spectral Weapon
  9953 | D:8      | Reached skill level 4 in Armour
 10043 | D:8      | Reached skill level 3 in Long Blades
 10176 | D:8      | Reached **** piety under Cheibriados
 10215 | D:8      | Reached skill level 5 in Armour
 10410 | D:8      | Found a hazy altar of Hepliaklqana.
 10410 | D:8      | Found an ancient bone altar of Kikubaaqudgha.
 10410 | D:8      | Found a white marble altar of Elyvilon.
 10458 | D:8      | Reached skill level 4 in Long Blades
 10586 | D:8      | Gained mutation: Your magical capacity is low. (-10% MP) [mutagenic meat]
 10659 | D:9      | Reached skill level 1 in Invocations
 10815 | D:9      | Reached skill level 2 in Invocations
 11081 | D:9      | Reached ***** piety under Cheibriados
 11088 | D:9      | Reached skill level 5 in Long Blades
 11102 | D:9      | Reached skill level 5 in Shields
 11102 | D:9      | Reached skill level 3 in Invocations
 11262 | D:10     | Entered Level 10 of the Dungeon
 11351 | D:10     | Found a staircase to the Orcish Mines.
 11384 | D:10     | Found a staircase to the Lair.
 11647 | D:10     | Reached skill level 4 in Invocations
 11739 | D:10     | You fall through a shaft!
 11739 | D:11     | Noticed a red ugly thing
 11757 | D:11     | Killed a red ugly thing
 11757 | D:11     | Reached skill level 6 in Armour
 11757 | D:11     | Reached XP level 11. HP: 67/86 MP: 14/14
 11848 | D:11     | Noticed a hill giant
 11872 | D:11     | Killed a hill giant
 11872 | D:11     | Reached skill level 6 in Shields
 11872 | D:11     | Reached skill level 5 in Invocations
 12089 | D:11     | Reached skill level 6 in Long Blades
 12475 | D:10     | Noticed an unseen horror
 12490 | D:10     | Killed an unseen horror
 12490 | D:10     | Reached skill level 7 in Armour
 12700 | D:11     | Reached skill level 6 in Invocations
 12742 | D:11     | Noticed a hill giant
 12750 | D:11     | Killed a hill giant
 12750 | D:11     | Reached skill level 7 in Shields
 12933 | D:11     | Noticed a deep elf mage
 12961 | D:11     | Killed a deep elf mage
 13013 | D:11     | Reached ****** piety under Cheibriados
 13343 | D:12     | Found a flagged portal.
 13357 | Bailey   | Entered a bailey
 13369 | Bailey   | Noticed an orc knight
 13460 | Bailey   | Killed an orc knight
 13948 | Bailey   | Reached skill level 7 in Long Blades
 14122 | D:12     | Reached skill level 7 in Invocations
 14353 | D:12     | Reached XP level 12. HP: 92/92 MP: 15/15
 14534 | D:12     | Reached skill level 8 in Shields
 14866 | D:12     | Reached skill level 8 in Armour
 15206 | D:9      | Gained mutation: You are clumsy. (Dex -2) [mutagenic glow]
 15241 | D:9      | Gained mutation: You occasionally shout uncontrollably at your foes. [mutagenic glow]
 15428 | Orc:1    | Entered Level 1 of the Orcish Mines
 15536 | Orc:1    | Reached skill level 8 in Invocations
 15589 | Orc:1    | Found Hap Owus's Assorted Antiques.
 15627 | Orc:1    | Found a roughly hewn altar of Beogh.
 16134 | Orc:1    | Bought a scroll labeled BEPIL OD EMA for 28 gold pieces
 16134 | Orc:1    | Bought a scroll labeled RUCEUKA JIJUT for 28 gold pieces
 16134 | Orc:1    | Bought a runed shield for 294 gold pieces
 16134 | Orc:1    | Bought a scroll labeled BEPIL OD EMA for 28 gold pieces
 16134 | Orc:1    | Bought a scroll labeled TACLA ORROZUIM for 28 gold pieces
 16416 | D:9      | Reached skill level 9 in Shields
 16544 | D:4      | Bought a scroll labeled LEHUSO HAINIFE for 25 gold pieces
 16731 | Orc:2    | Entered Level 2 of the Orcish Mines
 16754 | Orc:2    | Reached skill level 8 in Long Blades
 17097 | Orc:2    | Found a staircase to the Elven Halls.
 17098 | Orc:2    | Found a roughly hewn altar of Beogh.
 17100 | Orc:2    | Noticed a stone giant
 17117 | Orc:2    | Killed a stone giant
 17117 | Orc:2    | Reached skill level 9 in Invocations
 17426 | Orc:2    | Reached skill level 9 in Long Blades
 17455 | Orc:2    | Noticed an orc high priest
 17476 | Orc:2    | Reached skill level 9 in Armour
 17485 | Orc:2    | Reached skill level 10 in Invocations
 17504 | Orc:2    | Reached XP level 13. HP: 67/98 MP: 18/18
 17652 | Orc:2    | Reached skill level 10 in Armour
 17652 | Orc:2    | Reached skill level 11 in Invocations
 17675 | Orc:2    | Found Wodoijig's Food Shoppe.
 17708 | Orc:2    | Reached skill level 10 in Long Blades
 17893 | Orc:2    | Noticed an ettin
 17917 | Orc:2    | Killed an ettin
 18093 | Orc:2    | Noticed a stone giant
 18141 | Orc:2    | Killed a stone giant
 18866 | Orc:2    | Found Teshrud's Weapon Shop.
 18867 | Orc:2    | Found Zanewor Emio's Gadget Emporium.
 18891 | Orc:2    | Found Beuz's Assorted Antiques.
 18892 | Orc:2    | Found Qebizece's Weapon Boutique.
 18925 | Orc:2    | Bought a +4 great sword of flaming for 438 gold pieces
 18939 | Orc:2    | Bought a scroll of enchant weapon for 157 gold pieces
 18994 | Orc:2    | Reached skill level 11 in Armour
 18994 | Orc:2    | Reached skill level 12 in Invocations
 19041 | Orc:2    | Noticed an orc warlord
 19053 | Orc:2    | Killed an orc warlord
 19053 | Orc:2    | Reached XP level 14. HP: 90/105 MP: 20/20
 19184 | Orc:2    | Reached skill level 11 in Long Blades
 19460 | Lair:1   | Entered Level 1 of the Lair of Beasts
 19489 | Lair:1   | Learned a level 2 spell: Repel Missiles
 19701 | Lair:1   | Reached skill level 8 in Dodging
 20985 | Lair:2   | Reached skill level 9 in Fighting
 21120 | Lair:2   | Reached skill level 12 in Long Blades
 22273 | Lair:4   | Reached skill level 12 in Armour
 22779 | Lair:4   | Reached skill level 9 in Dodging
 22961 | Lair:4   | Reached XP level 15. HP: 84/114 MP: 21/21
 22964 | Lair:4   | Reached skill level 1 in Evocations
 23162 | Lair:4   | Reached skill level 2 in Evocations
 23242 | Lair:4   | Found a hole to the Spider Nest.
 23541 | Lair:4   | Reached skill level 3 in Evocations
 23714 | Lair:4   | Reached skill level 4 in Evocations
 23717 | Lair:4   | Reached skill level 13 in Long Blades
 23926 | Lair:4   | Found a staircase to the Swamp.
 23986 | Lair:4   | Gained mutation: You are partially covered in large bone plates. (SH +4) [potion of mutation]
 23986 | Lair:4   | Lost mutation: You are clumsy. (Dex -2) [potion of mutation]
 23986 | Lair:4   | Gained mutation: Your body sometimes deteriorates upon taking damage. [potion of mutation]
 24257 | Lair:4   | Reached skill level 5 in Evocations
 24856 | D:2      | Gained mutation: You passively map a small area around you. [potion of mutation]
 24856 | D:2      | Gained mutation: You are resistant to hostile enchantments. (MR+) [potion of mutation]
 25182 | Lair:5   | Found a staircase to the Slime Pits.
 25182 | Lair:5   | Found a viscous altar of Jiyva.
 25730 | Lair:5   | Reached skill level 6 in Evocations
 25830 | Lair:6   | Entered Level 6 of the Lair of Beasts
 26040 | Lair:6   | Reached skill level 7 in Evocations
 26446 | Lair:6   | Reached skill level 14 in Long Blades
 26805 | Lair:6   | Reached XP level 16. HP: 122/122 MP: 22/22
 26898 | Lair:6   | Reached skill level 10 in Fighting
 29149 | D:13     | Reached skill level 15 in Long Blades
 29231 | D:13     | Noticed Kirke
 29239 | D:13     | Reached skill level 10 in Dodging
 29252 | D:13     | Killed Kirke
 29461 | D:14     | Found a gate to the Vaults.
 29461 | D:14     | Noticed Rupert
 29461 | D:14     | Noticed Urug
 29463 | D:14     | Reached skill level 13 in Armour
 29467 | D:14     | Killed Rupert
 29471 | D:14     | Killed Urug
 29472 | D:14     | Reached skill level 11 in Fighting
 29669 | D:14     | Noticed Azrael
 29704 | D:14     | Killed Azrael
 29821 | D:14     | Reached XP level 17. HP: 131/131 MP: 23/23
 30364 | D:15     | Entered Level 15 of the Dungeon
 30469 | D:15     | Found a staircase to the Depths.
 30481 | D:15     | Gained mutation: Armour fits poorly on your strangely shaped body. [mutagenic meat]
 30494 | D:15     | Gained mutation: Potions and wands are less effective at restoring your health. [mutagenic meat]
 30495 | D:15     | Gained mutation: Your body often deteriorates upon taking damage. [mutagenic meat]
 30496 | D:15     | Lost mutation: Your magical capacity is low. (-10% MP) [mutagenic meat]
 30497 | D:15     | Gained mutation: You are somewhat resistant to further mutation. [mutagenic meat]
 31126 | D:15     | Noticed a tengu reaver
 31171 | D:15     | Reached skill level 16 in Long Blades
 31179 | D:15     | Killed from afar by a tengu reaver

Vault maps used:
D:1:      lightli_arrival_windingriver, st_stairs_6
D:2:      first_bread
D:4:      old_standard_altar, serial_shops, nicolae_shop_behind_doors
D:5:      lemuel_upstairs_altar, old_standard_altar, serial_bayou_lagoon_b,
          uniq_duvessa, uniq_pikel
D:6:      vehumet_statue
D:8:      gammafunk_temple_overflow_claw
D:9:      small_statue_intersection
D:10:     lair_entry_dummy, erik_orc_3
D:12:     enter_bailey_3
D:13:     grunt_livestock, uniq_kirke
D:14:     david_vaults_3, minmay_misc_feat_hallway, uniq_azrael
D:15:     gammafunk_enter_depths_forms, serial_bayou, serial_bayou_ford_a,
          serial_bayou_pond_c, serial_bayou_shore_b, serial_bayou_pond_a,
          minmay_diamond_spiral, uniq_roxanne
Lair:1:   grunt_megastairs_1
Lair:3:   roderic_carrion_pond
Lair:4:   minmay_swamp_entry_worms, nicolae_spider_entry_tight_spaces,
          special_room, minmay_lair_oklob_chamber
Lair:5:   slime_altar_1
Lair:6:   minmay_lair_end_enchanted_forest
Orc:1:    serial_shops, nicolae_shop_statue_plus, nicolae_orc_rockfall,
          mines1_david
Orc:2:    st_orc_open, basic_altar, serial_shops, nicolae_shop_stone,
          guppyfry_orc_lava_fort
Bailey:   bailey_axe_4, bailey

Skill      XL: |  1  2  3  4  5  6  7  8  9 10 11 12 13 14 15 16 17 |
---------------+----------------------------------------------------+-----
Poison Magic   | 6 7 |  7.2
Spellcasting   | 3 |  3.5
Fighting       | 1 5 6 8 9 11 | 11.6
Shields        | 1 4 5 7 9 |  9.0
Dodging        | 4 5 7 9 10 | 10.7
Armour         | 3 6 7 9 11 12 13 | 13.6
Long Blades    | 2 5 7 9 10 12 14 15 16 | 16.0
Invocations    | 4 7 10 12 | 12.2
Evocations     | 7 |  7.0
Stealth        | |  2.4

Action                   |  1- 3 |  4- 6 |  7- 9 | 10-12 | 13-15 | 16-18 || total
-------------------------+-------+-------+-------+-------+-------+-------++-------
Melee: Dagger            |    22 |       |   340 |       |       |       ||   362
       Short sword       |    17 |    53 |    11 |       |       |       ||    81
       Unarmed           |       |       |    13 |       |       |       ||    13
       Scimitar          |       |       |    44 |   947 |   281 |       ||  1272
       Hand axe          |       |       |    23 |       |       |       ||    23
       Great sword       |       |       |       |       |   622 |   495 ||  1117
 Cast: Sting             |    61 |   150 |    35 |       |       |       ||   246
       Olgreb's Toxic Ra |       |       |     2 |       |       |       ||     2
       Mephitic Cloud    |       |       |     3 |    12 |       |       ||    15
Invok: Temporal Distorti |       |       |       |     1 |     1 |       ||     2
       Slouch            |       |       |       |       |    11 |     6 ||    17
       Bend Time         |       |       |       |       |     1 |       ||     1
 Abil: Dig               |     2 |     1 |     9 |    22 |    14 |    10 ||    58
  Use: Scroll            |       |     7 |     8 |    13 |     8 |     1 ||    37
       Potion            |       |       |     4 |     8 |     8 |     1 ||    21
 Stab: Sleeping          |       |     3 |     3 |       |       |       ||     6
       Distracted        |       |       |     1 |       |       |     1 ||     2
       Invisible         |       |       |       |     8 |       |    11 ||    19
  Eat: Chunk             |     3 |    11 |    12 |    12 |    11 |    13 ||    62
       Beef jerky        |       |       |       |     2 |       |     4 ||     6
       Fruit             |       |       |       |     1 |       |       ||     1
       Bread ration      |       |       |       |     1 |     2 |       ||     3
       Royal jelly       |       |       |       |       |       |     1 ||     1
Armor: Robe              |    13 |    34 |    49 |       |       |       ||    96
       Skin              |       |       |    31 |    36 |       |       ||    67
       Ring mail         |       |       |    63 |       |       |       ||    63
       Scale mail        |       |       |       |    76 |       |       ||    76
       Plate armour      |       |       |       |   194 |   390 |   145 ||   729
Dodge: Dodged            |    50 |    72 |   309 |   445 |   513 |   220 ||  1609
Block: Buckler           |       |       |   128 |    68 |       |       ||   196
       Shield            |       |       |       |   488 |   785 |   434 ||  1707
       Rpst.: Scimitar   |       |       |    29 |   119 |    17 |       ||   165
       Great sword       |       |       |       |       |    91 |    54 ||   145
